 Dungeon Crawl Stone Soup version 0.30.0-15-g856e2d3f33 (webtiles) character file.

Game seed: 6289633875372460636

39594 qw the Severer (level 14, 0/92 HPs)
             Began as a Gargoyle Cinder Acolyte on May 18, 2023.
             Was a Priest of Okawaru.
             Killed by divine providence
             ... invoked by a smoke demon
             ... summoned by an obsidian statue
              (12 damage)
             ... on level 5 of the Lair of Beasts.
             The game lasted 00:07:52 (15999 turns).

qw the Severer (Gargoyle Cinder Acolyte)           Turns: 15999, Time: 00:07:53

Health: 0/92       AC: 36    Str: 24    XL:     14   Next: 7%
Magic:  18/18      EV:  9    Int: 14    God:    Okawaru [***...]
Gold:   781        SH:  5    Dex:  5    Spells: 15/15 levels left

rFire   + . .        Y - +2 war axe (freeze)
rCold   . . .        (no shield)
rNeg    + . .        o - +0 plate armour
rPois   inf          f - +1 helmet
rElec   +            n - +0 cloak
rCorr   +            s - +0 pair of gloves
SInv    +            p - +0 pair of boots
Will    +....        w - amulet "Loqa" {Reflect rPois rF+ SH+5 Stlth+} Stlth
                     h - ring of Huuf Tyf {rPois rCorr Slay+2}
HPRegen 0.35/turn    m - ring of see invisible
MPRegen 0.16/turn

%: reflection
@: heroic, flying, mesmerised
A: sickness immunity, AC +10, big wings, negative energy resistance 1,
electricity resistance, torment resistance 1, petrification resistance
a: Renounce Religion, Heroism


You were on level 5 of the Lair of Beasts.
You worshipped Okawaru.
Okawaru was most pleased with you.
You visited 3 branches of the dungeon, and saw 15 of its levels.
You also visited: Ossuary.

You collected 845 gold pieces.
You spent 64 gold pieces at shops.


Innate Abilities, Weirdness & Mutations

You are immune to sickness and miasma.
Your stone body is resilient. (AC +10)
You are immune to poison.
Your large and strong wings let you fly.
You resist negative energy. (rN+)
You are resistant to electric shocks. (rElec)
You are resistant to unholy torment.
You are immune to petrification.


   Skills:
 - Level 12.0(17.0) Fighting
 + Level 15.6(20.6) Axes
 - Level 5.1(10.1) Throwing
 - Level 12.0(17.0) Armour
 - Level 1.1(6.1) Dodging
 - Level 1.0 Spellcasting
 - Level 3.0 Fire Magic
 - Level 5.8 Invocations


You had 15 spell levels left.
You didn't know any spells.
Your spell library contained the following spells:

 Spells                   Type           Power      Damage    Failure   Level
 Scorch                   Fire           18%        2d6       61%         2

Inventory:

Hand Weapons
 a - a -1 hand axe of flaming
 Y - a +2 war axe of freezing (weapon)
Missiles
 j - 8 boomerangs (quivered)
Armour
 f - a +1 helmet (worn)
 n - a +0 cloak (worn)
 o - a +0 plate armour (worn)
 p - a +0 pair of boots (worn)
 s - a +0 pair of gloves (worn)
Jewellery
 h - the ring of Huuf Tyf (left hand) {rPois rCorr Slay+2}
   (You found it on level 2 of the Dungeon)

   [ring of resist corrosion]

   Slay:      It affects your accuracy & damage with ranged weapons and melee
   (+2).
   rPois:     It protects you from poison.
   rCorr:     It protects you from acid and corrosion.
 i - a ring of protection from fire
 k - a ring of positive energy
 l - a ring of protection from fire
 m - a ring of see invisible (right hand)
 w - the amulet "Loqa" (around neck) {Reflect rPois rF+ SH+5 Stlth+}
   (You found it on level 2 of the Lair of Beasts)

   [amulet of reflection]

   It reflects blocked missile attacks.
   rF:        It protects you from fire.
   rPois:     It protects you from poison.
   SH:        It affects your SH (+5).
   Stlth:     It makes you more stealthy.
Wands
 d - a wand of digging (20)
Scrolls
 c - 11 scrolls of identify
Potions
 b - a potion of might
 e - 6 potions of curing
 g - 5 potions of haste
 q - 6 potions of mutation
 v - a potion of cancellation

Dungeon Overview and Level Annotations

Branches:
Dungeon (9/15)             Temple (1/1) D:6            Lair (5/5) D:9
 Shoals (0/4) Lair:3        Snake (0/4) Lair:3        Slime (0/5) Lair:4
Ossuary (visited)
    Orc: D:9-12

Altars:
Ashenzari
Cheibriados
Dithmenos
Fedhas
Gozag
Hepliaklqana
Kikubaaqudgha
Makhleb
Nemelex Xobeh
Okawaru
Qazlal
Ru
Sif Muna
Uskayaw
Vehumet
Wu Jian
Xom
Yredelemnul
Zin
The Shining One
Jiyva

Shops:
D:1 ?!!(   D:5 :

Annotations:
D:4 1 runed translucent door, Crazy Yiuf


Message History

The sun demon is moderately wounded.
You slash the soul eater! You freeze the soul eater. The sun demon hits you!
You are engulfed in flames.
You resist.
You barely miss the soul eater.
The soul eater is moderately wounded.
You slash the sun demon! You freeze the sun demon.
You block the sun demon's attack.
The obsidian statue's eyes glow briefly.
The soul eater hits you but does no damage.
You hit the sun demon. You freeze the sun demon.
The sun demon is heavily wounded.
You closely miss the soul eater.
The sun demon hits you but does no damage.
You slash the sun demon! You freeze the sun demon!
You kill the sun demon!
The sun demon disappears in a puff of smoke!
You hit the soul eater but do no damage.
The obsidian statue's eyes glow briefly.
The soul eater hits you but does no damage.
You hit the soul eater but do no damage.
The soul eater is moderately wounded.
You miss the crimson imp. The soul eater hits you!
You closely miss the soul eater.
The soul eater is moderately wounded.
You slash the crimson imp! You freeze the crimson imp!
You kill the crimson imp!
The crimson imp disappears in a puff of smoke!
The white imp shouts, "Go and return not, thou worthless hell-hated surfacer!"
The white imp gestures at you.
The puff of frost hits you but does no damage.
You hit the soul eater.
The soul eater is moderately wounded.
The obsidian statue's eyes glow briefly.
The obsidian statue attempts to bespell you!
You are mesmerised by the obsidian statue!
The soul eater hits you. The smoke demon gestures at you. Something smites you!
You die...

######## 77#..(#..#
77........##
#.7ยค@.......P#
##.53..#....#..#
#.3377####''# +#
#787 #8..# ##+
#...# ##)# #.#.####
#########'#....####
#8...P.####...P#
#?)...P# ####.###


You could see an obsidian statue (mesmerising), 2 soul eaters, a smoke demon
(summoned) and a white imp (summoned).

Vanquished Creatures
  Josephine (Lair:5)
  3 hydras
  A necromancer (Lair:5)
  33 elephants
  3 black mambas
  11 cane toads
  Joseph (D:8)
  2 rime drakes (Lair:5)
  5 komodo dragons
  Prince Ribbit (D:6)
  A polar bear (Lair:2)
  6 blink frogs
  A snapping turtle (Lair:3)
  2 spectral elephants (Lair:5)
  9 wyverns
  55 yaks
  4 wraiths (Lair:5)
  10 fire elementals
  A steam dragon (Lair:1)
  A death yak simulacrum (Lair:5)
  7 basilisks
  3 nagas (Lair:3)
  An acid dragon (D:9)
  15 water moccasins
  Duvessa (D:7)
  An ice beast (D:4)
  An orc warrior (D:8)
  A sky beast (D:7)
  3 black bears
  A centaur (D:9)
  8 wolves
  2 phantoms
  13 bullfrogs
  2 cane toad simulacra (Lair:5)
  3 scorpions
  4 wights (D:9)
  Dowan (D:7)
  An electric eel (Lair:3)
  2 human zombies (Ossuary)
  4 hounds
  2 jellies
  2 gnoll boudas
  11 orc priests
  3 sleepcaps
  5 iguanas
  10 orc wizards
  4 mummies (Ossuary)
  15 gnolls
  3 adders
  A shadow imp (D:7)
  An ufetubus (D:5)
  4 worms
  A dart slug (D:1)
  33 orcs
  6 ball pythons
  9 endoplasms
  7 giant cockroaches
  A gnoll zombie (Ossuary)
  10 goblins
  6 hobgoblins
  3 kobolds
  11 quokkas
  A bat (D:3)
  4 frilled lizards
  3 goblin zombies (Ossuary)
  2 kobold zombies (Ossuary)
  5 rats
388 creatures vanquished.

Vanquished Creatures (others)
  An orc wizard (D:4)
1 creature vanquished.

Grand Total: 389 creatures vanquished

Notes
Turn   | Place    | Note
-------+----------+-------------------------------------------
     0 | D:1      | qw the Gargoyle Cinder Acolyte began the quest for the Orb.
     0 | D:1      | Reached XP level 1. HP: 14/14 MP: 2/2
     0 | D:1      | 0 ||| qw: Version: 0.2-a-95-gc95f03d
     0 | D:1      | 0 ||| qw: Game counter: 21
     0 | D:1      | 0 ||| qw: Always use a shield: true
     0 | D:1      | 0 ||| qw: God list: Okawaru
     0 | D:1      | 0 ||| qw: Allow faded altars: false
     0 | D:1      | 0 ||| qw: Do Orc after D:15 true
     0 | D:1      | 0 ||| qw: Do second Lair branch before Depths: true
     0 | D:1      | 0 ||| qw: Lair rune preference: random
     0 | D:1      | 0 ||| qw: Plans: Normal
     0 | D:1      | 0 ||| PLANNING D:1-11
    16 | D:1      | You fall into a shaft and drop 1 floor!
    74 | D:2      | Found an ornate altar of the Wu Jian Council.
    95 | D:2      | 95 ||| Stepping ~*~*~tactically~*~*~ (stealth).
   105 | D:2      | Reached skill level 3 in Axes
   111 | D:2      | Reached XP level 2. HP: 14/19 MP: 3/3
   263 | D:2      | Identified the ring of Huuf Tyf {rPois rCorr Slay+2}
   265 | D:2      | 265 ||| DROPPING orb of guile.
   266 | D:2      | 266 ||| UPGRADING to +0 helmet.
   271 | D:2      | 271 ||| UPGRADING to ring of Huuf Tyf {rPois rCorr Slay+2}.
   272 | D:2      | 272 ||| READING 2 scrolls labelled WOGAIH QAILL.
   273 | D:2      | 273 ||| READING scroll of enchant armour.
   273 | D:2      | 273 ||| ENCHANTING +0 helmet.
   274 | D:2      | 274 ||| READING scroll labelled TEODWEANLI.
   282 | D:2      | 282 ||| STAIRDANCE
   295 | D:1      | Found Xucelub's Weapon Shoppe.
   321 | D:1      | Reached XP level 3. HP: 16/23 MP: 4/4
   427 | D:1      | 427 ||| Stepping ~*~*~tactically~*~*~ (hiding).
   428 | D:1      | 428 ||| Stepping ~*~*~tactically~*~*~ (hiding).
   431 | D:1      | 431 ||| Stepping ~*~*~tactically~*~*~ (hiding).
   616 | D:1      | Found Cynnyung's Distillery.
   619 | D:1      | 619 ||| READING scroll labelled TASUNUA YDANN.
   632 | D:1      | HP: 3/23 [spore (20)]
   773 | D:1      | Found Ziuc's Magic Scroll Boutique.
   785 | D:1      | 785 ||| SHOPLISTING scroll of enchant weapon (82 gold, have
                  | 60).
   785 | D:1      | 785 ||| BUYING scroll of identify (22 gold).
   785 | D:1      | Bought a scroll of identify for 22 gold pieces
   797 | D:1      | Reached skill level 4 in Axes
  1093 | D:1      | Found a faded altar of an unknown god.
  1256 | D:1      | Found Esuxaps's Distillery.
  1264 | D:1      | 1264 ||| BUYING potion of curing (42 gold).
  1264 | D:1      | Bought a potion of curing for 42 gold pieces
  1264 | D:1      | 1264 ||| SHOPLISTING potion of haste (140 gold, have 19).
  1264 | D:1      | 1264 ||| SHOPLISTING potion of might (56 gold, have 19).
  1264 | D:1      | 1264 ||| SHOPLISTING potion of mutation (112 gold, have
                  | 19).
  1344 | D:1      | 1344 ||| READING scroll labelled WABOEN URRU.
  1345 | D:1      | 1345 ||| READING scroll labelled PORCHE DIGHAI.
  1521 | D:2      | Reached XP level 4. HP: 28/28 MP: 5/5
  1803 | D:2      | 1803 ||| UPGRADING to +0 ring mail.
  1813 | D:2      | 1813 ||| DROPPING +0 robe.
  1814 | D:2      | 1814 ||| READING scroll labelled KEOTAUTZAXU.
  1841 | D:3      | 1841 ||| INVOKING Fiery Armour.
  1842 | D:3      | HP: 7/28 [orc/+0 mace (5)]
  1936 | D:3      | Found a sacrificial altar of Ru.
  1940 | D:3      | Reached skill level 1 in Armour
  2552 | D:3      | 2552 ||| Stepping ~*~*~tactically~*~*~ (stealth).
  2741 | D:3      | 2741 ||| UPGRADING to +0 plate armour.
  2751 | D:3      | 2751 ||| DROPPING +0 ring mail.
  2752 | D:3      | 2752 ||| UPGRADING to +0 pair of boots.
  2757 | D:3      | 2757 ||| UPGRADING to ring of see invisible.
  2758 | D:3      | 2758 ||| READING 2 scrolls labelled FIXZISHONK.
  2759 | D:3      | 2759 ||| DRINKING 2 metallic silvery potions.
  2811 | D:3      | 2811 ||| READING 7 scrolls of identify.
  2811 | D:3      | 2811 ||| IDENTIFYING viscous white potion
  2812 | D:3      | 2812 ||| READING 6 scrolls of identify.
  2812 | D:3      | 2812 ||| IDENTIFYING green potion
  2813 | D:3      | 2813 ||| READING 5 scrolls of identify.
  2813 | D:3      | 2813 ||| IDENTIFYING fuming clear potion
  2814 | D:3      | 2814 ||| DROPPING potion of degeneration.
  2815 | D:3      | 2815 ||| DROPPING scroll of fog.
  2816 | D:3      | 2816 ||| DROPPING potion of lignification.
  2817 | D:3      | 2817 ||| DROPPING potion of ambrosia.
  2854 | D:4      | Reached XP level 5. HP: 31/32 MP: 6/6
  2900 | D:4      | Reached skill level 3 in Armour
  2935 | D:4      | Reached skill level 1 in Throwing
  2957 | D:4      | Reached XP level 6. HP: 36/37 MP: 7/7
  2960 | D:4      | Noticed a black bear
  2967 | D:4      | Killed a black bear
  2968 | D:4      | Reached skill level 5 in Axes
  2986 | D:4      | 2986 ||| Stepping ~*~*~tactically~*~*~ (stealth).
  3061 | D:4      | Noticed an ice beast
  3080 | D:4      | Killed an ice beast
  3081 | D:4      | Reached XP level 7. HP: 34/43 MP: 8/8
  3134 | D:4      | 3134 ||| Stepping ~*~*~tactically~*~*~ (hiding).
  3153 | D:4      | Reached skill level 6 in Axes
  3450 | D:4      | Found a runed translucent door.
  3451 | D:4      | Noticed Crazy Yiuf
  3655 | D:4      | 3655 ||| READING scroll labelled VOYSKU TANY.
  3656 | D:4      | 3656 ||| READING scroll labelled GAEKHL LEIDUN.
  3657 | D:4      | 3657 ||| READING 5 scrolls of identify.
  3657 | D:4      | 3657 ||| IDENTIFYING fuming brown potion
  3658 | D:4      | 3658 ||| READING 4 scrolls of identify.
  3658 | D:4      | 3658 ||| IDENTIFYING golden potion
  3659 | D:4      | 3659 ||| DROPPING potion of magic.
  3688 | D:5      | Entered Level 5 of the Dungeon
  3689 | D:5      | 3689 ||| PLANNING SEWER
  3767 | D:5      | Found Ceocapux's Book Emporium.
  3895 | D:5      | 3895 ||| Stepping ~*~*~tactically~*~*~ (stealth).
  3896 | D:5      | 3896 ||| Stepping ~*~*~tactically~*~*~ (stealth).
  3931 | D:5      | 3931 ||| Stepping ~*~*~tactically~*~*~ (stealth).
  3932 | D:5      | 3932 ||| Stepping ~*~*~tactically~*~*~ (stealth).
  3935 | D:5      | 3935 ||| Stepping ~*~*~tactically~*~*~ (stealth).
  3947 | D:5      | 3947 ||| Stepping ~*~*~tactically~*~*~ (stealth).
  4062 | D:5      | 4062 ||| SWAPPING to +2 heavy hand axe.
  4078 | D:5      | 4078 ||| Stepping ~*~*~tactically~*~*~ (hiding).
  4089 | D:5      | Reached skill level 7 in Axes
  4104 | D:5      | 4104 ||| Stepping ~*~*~tactically~*~*~ (stealth).
  4283 | D:5      | Reached XP level 8. HP: 48/48 MP: 9/9
  4396 | D:5      | 4396 ||| RIP SEWER
  4432 | D:5      | 4432 ||| PLANNING D:1-11
  4501 | D:5      | 4501 ||| Stepping ~*~*~tactically~*~*~ (hiding).
  4506 | D:5      | 4506 ||| DRINKING 4 potions of curing.
  4506 | D:5      | 4506 ||| (to cure confusion)
  4527 | D:5      | 4527 ||| Stepping ~*~*~tactically~*~*~ (stealth).
  4624 | D:5      | 4624 ||| SWAPPING to +0 war axe.
  4625 | D:5      | 4625 ||| DROPPING +2 heavy hand axe.
  4863 | D:5      | 4863 ||| DROPPING orb of mayhem.
  4864 | D:5      | 4864 ||| UPGRADING to +0 pair of gloves.
  4869 | D:5      | 4869 ||| DROPPING ring of magical power.
  4870 | D:5      | 4870 ||| READING 5 scrolls of identify.
  4870 | D:5      | 4870 ||| IDENTIFYING cyan potion
  4871 | D:5      | 4871 ||| READING 4 scrolls of identify.
  4871 | D:5      | 4871 ||| IDENTIFYING puce potion
  4872 | D:5      | 4872 ||| DROPPING potion of berserk rage.
  4873 | D:5      | 4873 ||| DROPPING potion of flight.
  4919 | D:6      | 4919 ||| PLANNING OSSUARY
  4993 | D:6      | 4993 ||| Stepping ~*~*~tactically~*~*~ (hiding).
  4994 | D:6      | 4994 ||| Stepping ~*~*~tactically~*~*~ (hiding).
  4999 | D:6      | 4999 ||| Stepping ~*~*~tactically~*~*~ (hiding).
  5000 | D:6      | 5000 ||| Stepping ~*~*~tactically~*~*~ (hiding).
  5002 | D:6      | 5002 ||| Stepping ~*~*~tactically~*~*~ (hiding).
  5010 | D:6      | 5010 ||| Stepping ~*~*~tactically~*~*~ (stealth).
  5021 | D:6      | 5021 ||| Stepping ~*~*~tactically~*~*~ (stealth).
  5032 | D:6      | Found a staircase to the Ecumenical Temple.
  5326 | D:6      | Noticed Prince Ribbit
  5335 | D:6      | Reached skill level 8 in Axes
  5339 | D:6      | Killed Prince Ribbit
  5340 | D:6      | Reached skill level 6 in Fighting
  5460 | D:6      | Found a sand-covered staircase.
  5461 | D:6      | 5461 ||| READING 2 scrolls labelled DAECVIKOUN.
  5462 | D:6      | 5462 ||| READING scroll labelled PIETOCZ YDAM.
  5463 | D:6      | 5463 ||| DROPPING scroll of fear.
  5523 | Ossuary  | Entered an ossuary
  5555 | Ossuary  | Reached XP level 9. HP: 51/56 MP: 10/10
  5941 | Ossuary  | 5941 ||| READING scroll labelled TOZITRAKID.
  5942 | Ossuary  | 5942 ||| READING 4 scrolls of identify.
  5942 | Ossuary  | 5942 ||| IDENTIFYING black potion
  5957 | D:6      | 5957 ||| PLANNING D:1-11
  6024 | D:6      | Reached skill level 6 in Armour
  6025 | D:6      | 6025 ||| Stepping ~*~*~tactically~*~*~ (stealth).
  6026 | D:6      | 6026 ||| Stepping ~*~*~tactically~*~*~ (stealth).
  6318 | D:7      | 6318 ||| Stepping ~*~*~tactically~*~*~ (hiding).
  6325 | D:7      | Noticed Duvessa
  6326 | D:7      | 6326 ||| INVOKING Fiery Armour.
  6330 | D:7      | Noticed Dowan
  6340 | D:7      | Killed Duvessa
  6345 | D:7      | Killed Dowan
  6574 | D:7      | 6574 ||| INVOKING Fiery Armour.
  6582 | D:7      | HP: 13/56 [orc priest/divine providence (8)]
  6583 | D:7      | 6583 ||| READING 4 scrolls of teleportation.
  6583 | D:7      | HP: 4/56 [orc priest/divine providence (10)]
  6588 | D:7      | 6588 ||| READING 3 scrolls of teleportation.
  6596 | D:7      | 6596 ||| READING 2 scrolls of teleportation.
  6605 | D:7      | 6605 ||| READING scroll of teleportation.
  7028 | D:7      | 7028 ||| INVOKING Fiery Armour.
  7030 | D:7      | Reached skill level 9 in Axes
  7454 | D:7      | 7454 ||| DROPPING +6 ring of intelligence.
  7455 | D:7      | 7455 ||| READING 2 scrolls labelled TEIKUV URAOTONUA.
  7456 | D:7      | 7456 ||| READING scroll of brand weapon.
  7456 | D:7      | 7456 ||| BRANDING +1 war axe of protection.
  7457 | D:7      | 7457 ||| READING 4 scrolls of identify.
  7457 | D:7      | 7457 ||| IDENTIFYING fizzy silvery potion
  7497 | D:8      | 7497 ||| READING scroll of brand weapon.
  7497 | D:8      | 7497 ||| BRANDING +1 war axe of electrocution.
  7665 | D:8      | 7665 ||| Stepping ~*~*~tactically~*~*~ (hiding).
  7667 | D:8      | 7667 ||| Stepping ~*~*~tactically~*~*~ (hiding).
  7668 | D:8      | 7668 ||| Stepping ~*~*~tactically~*~*~ (hiding).
  7755 | D:8      | Noticed Joseph
  7765 | D:8      | 7765 ||| INVOKING Fiery Armour.
  7768 | D:8      | Killed Joseph
  7769 | D:8      | Reached skill level 10 in Axes
  8086 | D:8      | Found a shimmering blue altar of Sif Muna.
  8132 | D:8      | Identified the +0 robe of Servitude {rPois rF- rN+ Slay+2}
  8156 | D:8      | 8156 ||| Stepping ~*~*~tactically~*~*~ (hiding).
  8166 | D:8      | Reached XP level 10. HP: 53/63 MP: 11/11
  8233 | D:8      | 8233 ||| Stepping ~*~*~tactically~*~*~ (hiding).
  8393 | D:8      | 8393 ||| Stepping ~*~*~tactically~*~*~ (stealth).
  8394 | D:8      | 8394 ||| Stepping ~*~*~tactically~*~*~ (stealth).
  8605 | D:8      | 8605 ||| UPGRADING to +0 cloak.
  8653 | D:9      | 8653 ||| Stepping ~*~*~tactically~*~*~ (hiding).
  8690 | D:9      | 8690 ||| INVOKING Fiery Armour.
  8704 | D:9      | HP: 16/64 [yak (11)]
  8705 | D:9      | 8705 ||| READING scroll of teleportation.
  8706 | D:9      | 8706 ||| DRINKING potion of heal wounds.
  8709 | D:9      | Found a staircase to the Lair.
  8710 | D:9      | Reached skill level 1 in Dodging
  8730 | D:9      | 8730 ||| Stepping ~*~*~tactically~*~*~ (stealth).
  8882 | D:9      | 8882 ||| INVOKING Fiery Armour.
  8904 | D:9      | Reached skill level 11 in Axes
  9009 | D:9      | 9009 ||| Stepping ~*~*~tactically~*~*~ (hiding).
  9063 | D:9      | 9063 ||| Stepping ~*~*~tactically~*~*~ (hiding).
  9122 | D:9      | 9122 ||| Stepping ~*~*~tactically~*~*~ (stealth).
  9157 | D:9      | 9157 ||| Stepping ~*~*~tactically~*~*~ (hiding).
  9166 | D:9      | Reached skill level 9 in Fighting
  9288 | D:9      | Reached XP level 11. HP: 71/71 MP: 12/12
  9298 | D:9      | Reached skill level 3 in Throwing
  9481 | D:9      | 9481 ||| PLANNING LAIR
  9498 | Lair:1   | Entered Level 1 of the Lair of Beasts
  9499 | Lair:1   | 9499 ||| PLANNING GAUNTLET
  9518 | Lair:1   | Reached skill level 9 in Armour
  9813 | Lair:1   | 9813 ||| Stepping ~*~*~tactically~*~*~ (stealth).
 10028 | Lair:1   | 10028 ||| RIP GAUNTLET
 10051 | Lair:1   | 10051 ||| PLANNING LAIR
 10061 | Lair:1   | Reached skill level 12 in Axes
 10180 | Lair:1   | 10180 ||| Stepping ~*~*~tactically~*~*~ (stealth).
 10191 | Lair:1   | 10191 ||| Stepping ~*~*~tactically~*~*~ (stealth).
 10252 | Lair:1   | 10252 ||| READING scroll of enchant weapon.
 10252 | Lair:1   | 10252 ||| ENCHANTING +1 war axe of freezing.
 10290 | Lair:1   | 10290 ||| INVOKING Fiery Armour.
 10716 | Lair:1   | 10716 ||| UPGRADING to amulet of regeneration.
 10729 | Lair:2   | 10729 ||| INVOKING Fiery Armour.
 10750 | Lair:2   | 10750 ||| STAIRDANCE
 10778 | Lair:2   | 10778 ||| STAIRDANCE
 10783 | Lair:1   | Reached XP level 12. HP: 54/77 MP: 13/13
 10892 | Lair:2   | Noticed a four-headed hydra
 10893 | Lair:2   | 10893 ||| Stepping ~*~*~tactically~*~*~ (stealth).
 10894 | Lair:2   | 10894 ||| INVOKING Fiery Armour.
 10899 | Lair:2   | 10899 ||| SWAPPING to -1 hand axe of flaming.
 10903 | Lair:2   | Killed a one-headed hydra
 10904 | Lair:2   | Reached skill level 13 in Axes
 10904 | Lair:2   | 10904 ||| SWAPPING to +2 war axe of freezing.
 10963 | Lair:2   | Identified the amulet "Loqa" {Reflect rPois rF+ SH+5
                  | Stlth+}
 11295 | Lair:2   | 11295 ||| INVOKING Fiery Armour.
 11396 | Lair:2   | 11396 ||| UPGRADING to amulet "Loqa" {Reflect rPois rF+
                  | SH+5 Stlth+}.
 11406 | Lair:2   | 11406 ||| DROPPING amulet of regeneration.
 11407 | Lair:2   | 11407 ||| READING 8 scrolls of identify.
 11407 | Lair:2   | 11407 ||| IDENTIFYING fuming orange potion
 11467 | Lair:3   | Noticed an eight-headed hydra
 11468 | Lair:3   | 11468 ||| INVOKING Fiery Armour.
 11472 | Lair:3   | 11472 ||| SWAPPING to -1 hand axe of flaming.
 11477 | Lair:3   | Killed a six-headed hydra
 11478 | Lair:3   | 11478 ||| SWAPPING to +2 war axe of freezing.
 11548 | Lair:3   | 11548 ||| PLANNING TEMPLE
 11711 | Temple   | Entered the Ecumenical Temple
 11721 | Temple   | 11721 ||| PLANNING OKAWARU WORSHIP
 11826 | Temple   | Fell from the grace of Ignis
 11826 | Temple   | Became a worshipper of Warmaster Okawaru
 11826 | Temple   | 11826 ||| PLANNING LAIR
 11989 | Lair:3   | 11989 ||| Stepping ~*~*~tactically~*~*~ (stealth).
 11993 | Lair:3   | You fall into a shaft and drop 1 floor!
 11993 | Lair:4   | Found a staircase to the Slime Pits.
 11993 | Lair:4   | Found a viscous altar of Jiyva.
 11994 | Lair:4   | 11994 ||| Stepping ~*~*~tactically~*~*~ (stealth).
 12056 | Lair:4   | Reached * piety under Okawaru
 12057 | Lair:4   | Reached skill level 14 in Axes
 12296 | Lair:4   | Reached skill level 1 in Invocations
 12426 | Lair:3   | 12426 ||| INVOKING Heroism.
 12566 | Lair:3   | 12566 ||| INVOKING Heroism.
 12569 | Lair:3   | Reached skill level 3 in Invocations
 12574 | Lair:3   | Reached ** piety under Okawaru
 12586 | Lair:3   | 12586 ||| INVOKING Heroism.
 12606 | Lair:3   | Reached XP level 13. HP: 24/84 MP: 13/16
 12628 | Lair:3   | 12628 ||| INVOKING Heroism.
 12830 | Lair:3   | You fall into a shaft and drop 2 floors!
 12830 | Lair:5   | Entered Level 5 of the Lair of Beasts
 12831 | Lair:5   | 12831 ||| DRINKING 6 potions of curing.
 12831 | Lair:5   | 12831 ||| (to cure confusion)
 12839 | Lair:5   | 12839 ||| INVOKING Heroism.
 12845 | Lair:5   | Reached *** piety under Okawaru
 12867 | Lair:5   | 12867 ||| INVOKING Heroism.
 13069 | Lair:5   | Noticed Josephine
 13070 | Lair:5   | 13070 ||| Stepping ~*~*~tactically~*~*~ (stealth).
 13077 | Lair:5   | 13077 ||| INVOKING Heroism.
 13080 | Lair:5   | Reached skill level 15 in Axes
 13083 | Lair:5   | 13083 ||| SWAPPING to -1 hand axe of flaming.
 13089 | Lair:5   | Killed Josephine
 13091 | Lair:5   | 13091 ||| SWAPPING to +2 war axe of freezing.
 13099 | Lair:5   | 13099 ||| INVOKING Heroism.
 13172 | Lair:5   | 13172 ||| Stepping ~*~*~tactically~*~*~ (stealth).
 13267 | Lair:5   | 13267 ||| Stepping ~*~*~tactically~*~*~ (stealth).
 13268 | Lair:5   | 13268 ||| Stepping ~*~*~tactically~*~*~ (stealth).
 13269 | Lair:5   | 13269 ||| Stepping ~*~*~tactically~*~*~ (stealth).
 13270 | Lair:5   | 13270 ||| Stepping ~*~*~tactically~*~*~ (stealth).
 13285 | Lair:5   | Reached skill level 12 in Fighting
 13406 | Lair:5   | Reached **** piety under Okawaru
 13410 | Lair:5   | 13410 ||| INVOKING Heroism.
 13418 | Lair:5   | Received a gift from Okawaru
 13464 | Lair:5   | 13464 ||| INVOKING Heroism.
 13578 | Lair:5   | 13578 ||| Stepping ~*~*~tactically~*~*~ (stealth).
 13579 | Lair:5   | 13579 ||| Stepping ~*~*~tactically~*~*~ (stealth).
 13581 | Lair:5   | 13581 ||| Stepping ~*~*~tactically~*~*~ (stealth).
 13587 | Lair:5   | 13587 ||| INVOKING Heroism.
 13591 | Lair:5   | Received a gift from Okawaru
 13609 | Lair:5   | 13609 ||| Stepping ~*~*~tactically~*~*~ (stealth).
 13611 | Lair:5   | 13611 ||| Stepping ~*~*~tactically~*~*~ (stealth).
 13612 | Lair:5   | 13612 ||| Stepping ~*~*~tactically~*~*~ (stealth).
 13665 | Lair:5   | 13665 ||| Stepping ~*~*~tactically~*~*~ (stealth).
 13667 | Lair:5   | 13667 ||| Stepping ~*~*~tactically~*~*~ (stealth).
 13693 | Lair:5   | 13693 ||| Stepping ~*~*~tactically~*~*~ (stealth).
 13793 | Lair:5   | 13793 ||| Stepping ~*~*~tactically~*~*~ (stealth).
 13795 | Lair:5   | 13795 ||| Stepping ~*~*~tactically~*~*~ (stealth).
 13796 | Lair:5   | 13796 ||| Stepping ~*~*~tactically~*~*~ (stealth).
 13798 | Lair:5   | 13798 ||| INVOKING Heroism.
 13999 | Lair:3   | 13999 ||| Stepping ~*~*~tactically~*~*~ (stealth).
 14017 | Lair:3   | Reached skill level 12 in Armour
 14195 | Lair:3   | Found a staircase to the Snake Pit.
 14227 | Lair:3   | 14227 ||| INVOKING Heroism.
 14267 | Lair:3   | Found a staircase to the Shoals.
 14383 | Lair:3   | 14383 ||| INVOKING Heroism.
 14443 | Lair:3   | 14443 ||| INVOKING Heroism.
 14446 | Lair:3   | HP: 15/86 [fire elemental[the fiery vengeance of Ignis]
                  | (14)]
 14447 | Lair:3   | 14447 ||| READING 2 scrolls of teleportation.
 14448 | Lair:3   | 14448 ||| DRINKING potion of heal wounds.
 14626 | Lair:3   | Was forgiven by Ignis
 14632 | Lair:3   | 14632 ||| INVOKING Heroism.
 15210 | Lair:5   | 15210 ||| Stepping ~*~*~tactically~*~*~ (hiding).
 15315 | Lair:5   | Noticed a dire elephant
 15315 | Lair:5   | Noticed a dire elephant
 15316 | Lair:5   | Noticed a dire elephant
 15337 | Lair:5   | 15337 ||| Stepping ~*~*~tactically~*~*~ (stealth).
 15343 | Lair:5   | Gained mutation: Your large and strong wings let you fly.
                  | [Gargoyle growth]
 15343 | Lair:5   | Reached XP level 14. HP: 92/92 MP: 18/18
 15369 | Lair:5   | Received a gift from Okawaru
 15397 | Lair:5   | 15397 ||| INVOKING Heroism.
 15528 | Lair:5   | 15528 ||| INVOKING Heroism.
 15549 | Lair:5   | 15549 ||| Stepping ~*~*~tactically~*~*~ (hiding).
 15635 | Lair:5   | 15635 ||| INVOKING Heroism.
 15679 | Lair:5   | 15679 ||| INVOKING Heroism.
 15681 | Lair:5   | HP: 18/92 [sun demon[an obsidian statue] (7)]
 15682 | Lair:5   | 15682 ||| READING scroll of teleportation.
 15693 | Lair:5   | HP: 18/92 [elephant (4)]
 15709 | Lair:5   | 15709 ||| INVOKING Heroism.
 15720 | Lair:5   | 15720 ||| Stepping ~*~*~tactically~*~*~ (stealth).
 15731 | Lair:5   | HP: 22/92 [sun demon[an obsidian statue] (3)]
 15963 | Lair:5   | 15963 ||| INVOKING Heroism.
 15993 | Lair:5   | HP: 22/92 [sun demon[an obsidian statue] (5)]
 15999 | Lair:5   | HP: 12/92 [soul eater[an obsidian statue] (5)]
 15999 | Lair:5   | Killed from afar by a smoke demon

Levels and vault maps discovered:
D:1:      lightli_arrival_maybe_door_vault, layout_basic,
          shapermc_ecumenical_altar_mp_vishouse, serial_shops, shop, shop,
          nicolae_square_shop, nicolae_shop_waterfront, st_stairs_10,
          minivault_26, nicolae_wormholes
D:2:      layout_loops_ring, basic_altar, corexii_shack
D:3:      layout_loops_corners, nicolae_ru_awakened_eye
D:4:      layout_loops_ring, item_on_display_a, uniq_crazy_yiuf_cottage
D:5:      layout_loops_corners, serial_shops, shop, gup_sewer_entry_pipe
D:6:      layout_loops_ring, minmay_temple_entry_glass,
          lightli_ossuary_entry_decrepit_ruins, uniq_prince_ribbit1
D:7:      layout_basic, uniq_duvessa
D:8:      gammafunk_indiana_jones, layout_basic, mainiacjoe_overflow_24_doors,
          uniq_joseph
D:9:      layout_loops_ring, minmay_lair_entry_grove
Temple:   compressed_dpeg_circular_temple
Lair:1:   layout_gridlike, gauntlet_entry_generic
Lair:2:   layout_misc_corridors
Lair:3:   layout_misc_corridors, minmay_shoals_entry_hut,
          minmay_snake_entry_guardpost_small, beast_lair_carwin_3
Lair:4:   layout_small_grid, nicolae_slime_entry_slimehenge,
          serial_bayou_shore_b
Lair:5:   due_jungle_book, layout_regular_city, chequers_serial_rivers_large_b,
          hibernation_bobbens, grunt_megastairs_4, uniq_josephine

Skill      XL: |  1  2  3  4  5  6  7  8  9 10 11 12 13 |
---------------+----------------------------------------+-----
Axes           | 3 4 5 7 8 10 11 12 14 15 | 15.6
Armour         | 2 3 4 5 6 8 10 11 12 | 12.0
Throwing       | 1 2 3 4 5 |  5.1
Fighting       | 4 6 7 9 10 11 12 | 12.0
Dodging        | 1 |  1.1
Invocations    | 4 5 |  5.8
Spellcasting   | |  1.0
Fire Magic     | |  3.0

Action                     |  1- 3 |  4- 6 |  7- 9 | 10-12 | 13-15 || total
---------------------------+-------+-------+-------+-------+-------++-------
  Melee: Hand axe          |   117 |   105 |   133 |     9 |     7 ||   371
         Punch             |       |       |     2 |     7 |    15 ||    24
         War axe           |       |       |   245 |   390 |   405 ||  1040
  Throw: Javelin           |       |    22 |    33 |    58 |    29 ||   142
         Boomerang         |       |     2 |     7 |    37 |    33 ||    79
 Invoke: Fiery Armour      |       |     1 |     4 |     7 |       ||    12
         Heroism           |       |       |       |     3 |    19 ||    22
    Use: Scroll            |     6 |     5 |    18 |     3 |     2 ||    34
         Potion            |       |     1 |     1 |     1 |     2 ||     5
 Armour: Robe              |    32 |     1 |       |       |       ||    33
         Ring mail         |       |     9 |       |       |       ||     9
         Plate armour      |       |    47 |   221 |   344 |   292 ||   904
  Dodge: Dodged            |    59 |    28 |    91 |   154 |   129 ||   461
  Block: Other             |       |       |       |    33 |    75 ||   108
         Reflection        |       |       |       |       |     1 ||     1

Table legend:
 A = Non-vault XP
 B = Vault XP
 C = Vault XP percentage of total XP
 D = Non-vault monster count
 E = Vault monster count
 F = Vault count percentage of total count
                 A         B        C        D         E       F
            +---------+---------+-------+---------+---------+-------
      Total |   43043 |   13521 |  23.9 |     305 |      74 |  19.5
            +---------+---------+-------+---------+---------+-------
        D:1 |      28 |      10 |  26.3 |      14 |       4 |  22.2
        D:2 |      58 |       2 |   3.3 |      17 |       1 |   5.6
        D:3 |      51 |       0 |   0.0 |      21 |       0 |   0.0
        D:4 |     707 |       0 |   0.0 |      22 |       0 |   0.0
        D:5 |     829 |      10 |   1.2 |      23 |       5 |  17.9
        D:6 |     424 |     283 |  40.0 |      19 |       1 |   5.0
        D:7 |     519 |     207 |  28.5 |      21 |       2 |   8.7
        D:8 |    1164 |     407 |  25.9 |      18 |       1 |   5.3
        D:9 |    2366 |    2098 |  47.0 |      20 |      12 |  37.5
     Lair:1 |    7413 |       0 |   0.0 |      28 |       0 |   0.0
     Lair:2 |    5294 |       0 |   0.0 |      24 |       0 |   0.0
     Lair:3 |    9910 |    2487 |  20.1 |      30 |      10 |  25.0
     Lair:4 |    3037 |      47 |   1.5 |      15 |       3 |  16.7
     Lair:5 |   11243 |    7800 |  41.0 |      33 |      23 |  41.1
    Ossuary |       0 |     170 | 100.0 |       0 |      12 | 100.0
            +---------+---------+-------+---------+---------+-------
